 Dungeon Crawl Stone Soup version 0.29-a0-72-g1732ff48e7 (webtiles) character file.

Game seed: 92614387498461877

19 HallandMoats the Skirmisher (level 2, -3/16 HPs)
             Began as a Vine Stalker Fighter on Feb 3, 2022.
             Slain by a gnoll (5 damage)
             ... on level 1 of the Dungeon.
             The game lasted 00:00:53 (990 turns).

HallandMoats the Skirmisher (Vine Stalker Fighter)   Turns: 990, Time: 00:00:54

Health: -3/16      AC:  6    Str: 18    XL:     2   Next: 75%
Magic:  0/3        EV: 13    Int:  8    God:
Gold:   47         SH:  4    Dex: 13    Spells: 1/1 levels left

rFire   . . .      SeeInvis .   a - +0 trident
rCold   . . .      Faith    .   c - +0 buckler
rNeg    . . .      Spirit   +   b - +0 scale mail
rPois   .          Reflect  .   (no helmet)
rElec   .          Harm     .   (no cloak)
rCorr   .          Rampage  .   (no gloves)
Will    .....                   (no boots)
Stlth   ..........              (no amulet)
HPRegen 0.05/turn               e - +4 ring of evasion
MPRegen 0.08/turn               (no ring)

@: no status effects
A: fangs 2, magic shield, antimagic bite, no potion heal 2
a: no special abilities


You were on level 1 of the Dungeon.
You visited 1 branch of the dungeon, and saw 2 of its levels.

You collected 47 gold pieces.

Inventory:

Hand Weapons
 a - a +0 trident (weapon)
Armour
 b - a +0 scale mail (worn)
 c - a +0 buckler (worn)
Jewellery
 e - a +4 ring of evasion (left hand)
Scrolls
 h - a scroll of vulnerability {unknown}
Potions
 d - a potion of might
 f - 2 potions of mutation {unknown}
 g - a potion of lignification {unknown}


   Skills:
 * Level 2.9 Fighting
 * Level 2.1 Polearms
 + Level 2.5 Armour
 + Level 0.2 Dodging
 + Level 2.8 Shields
 * Level 0.9 Invocations


You had one spell level left.
You didn't know any spells.
Your spell library contained the following spells:

 Spells                   Type           Power      Damage    Failure   Level
 Dazzling Flash           Conj/Hex       0%         N/A       99%         3
 Iskenderun's Mystic Bla  Conj/Tloc      0%         2d3       100%        4
 Starburst                Conj/Fire      0%         6d3       100%        6


Dungeon Overview and Level Annotations

Branches:
Dungeon (2/15)

Altars:


Innate Abilities, Weirdness & Mutations

You have extremely sharp teeth.
When hurt, damage is shared between your health and your magic reserves.
Your bite disrupts and absorbs the magic of your enemies.
Potions cannot restore your health.


Message History

Press: ? - help, Dir - move target, f - gnoll
Aim: a gnoll, wielding a +0 whip (about 39% to evade your +0 trident)
You reach to attack!
You hit the gnoll.
The gnoll is moderately wounded.
Reach: a) +0 trident
Press: ? - help, Dir - move target, f/p - gnoll
Aim: a gnoll, wielding a +0 whip (moderately wounded, about 39% to evade your +0 trident)
You barely miss the gnoll. You bite the gnoll, but do no damage.
The gnoll is moderately wounded.
The gnoll closely misses you.
Reach: a) +0 trident
Press: ? - help, Dir - move target, f/p - gnoll
Aim: a gnoll, wielding a +0 whip (moderately wounded, about 39% to evade your +0 trident)
You puncture the gnoll! You bite the gnoll, but do no damage.
The gnoll is almost dead.
The gnoll misses you. The gnoll hits you with a +0 flail!
* * * LOW HITPOINT WARNING * * *
You block the gnoll's attack.
There is an open door here.
The gnoll barely misses you.
You see here a +0 hand axe.
Reach: a) +0 trident
Press: ? - help, Dir - move target, f - you, p - gnoll
Okay, then.
Reach: a) +0 trident
Press: ? - help, Dir - move target, f/p - gnoll
Aim: a gnoll, wielding a +0 whip (almost dead, about 39% to evade your +0 trident)
You reach to attack!
You hit the gnoll but do no damage.
The gnoll is almost dead.
Unknown command.
You closely miss the gnoll.
The gnoll is almost dead.
You block the gnoll's attack.
You hit the gnoll.
You kill the gnoll!
You barely miss the gnoll. Your bite misses the gnoll.
The gnoll hits you with a +0 flail.
* * * LOW HITPOINT WARNING * * *
The gnoll hits you with a +0 flail.
You die...

######### #.##...# ##### #.##...#
##....
#########.###'###########.....
#..........##...........'.....
####..........##.###########.....
..............##.# ##....
..............##)# #########'##
.......######..#g# #..........#
######## ##.#@# #..........'
#.#.#####.....)....#
#...#..............#
##..#.############'#
##########..#.# #........
#.......##..#.# #...(....
#.......##..#.# #........
#.......'..>#.# #........
#.....).#####.# #........


You could see a gnoll.

Vanquished Creatures
  A gnoll (D:1)
  2 ball pythons (D:1)
  2 bats (D:1)
  2 goblins (D:1)
  A hobgoblin (D:1)
  A frilled lizard (D:1)
  2 kobolds (D:1)
11 creatures vanquished.

Notes
Turn   | Place    | Note
-------+----------+-------------------------------------------
     0 | D:1      | HallandMoats the Vine Stalker Fighter began the quest for
                  | the Orb.
     0 | D:1      | Reached XP level 1. HP: 11/11 MP: 2/2
   544 | D:1      | Reached XP level 2. HP: 12/16 MP: 1/3
   990 | D:1      | Slain by a gnoll

Illustrated notes

Levels and vault maps discovered:
D:1:      nicolae_arrival_memento_mori, layout_basic
D:2:      layout_loops_ring, serial_shops, nicolae_shop_trees

Skill      XL: |  1  2 |
---------------+-------+-----
Polearms       | 2 |  2.1
Fighting       | |  2.9
Armour         | |  2.5
Dodging        | |  0.2
Shields        | |  2.8
Invocations    | |  0.9

Action                   || total
-------------------------++-------
Melee: Trident           ||    39
       Bite              ||     8
Armor: Scale mail        ||     7
Dodge: Dodged            ||    26
Block: Buckler           ||    10

Table legend: (Time is in decaauts)
 A = Elapsed time spent in this place.
 B = Non-inter-level travel time spent in this place.
 C = Inter-level travel time spent in this place.
 D = Time resting spent in this place.
 E = Time spent auto-exploring this place.
 F = Levels seen in this place.
 G = Mean time per level.
                   A        B        C        D        E       F      G
               +--------+--------+--------+--------+--------+-----+--------+
         Total |    999 |    959 |     40 |      0 |    835 |   2 |  499.5 |
       Dungeon |    999 |    959 |     40 |      0 |    835 |   2 |  499.5 |
               +--------+--------+--------+--------+--------+-----+--------+

Top non-repeatable levels by time:
     D:1: 991 daAuts
     D:2: 7 daAuts
